 Dungeon Crawl Stone Soup version 0.29-a0-234-g0dae59b3db (webtiles) character file.

Game seed: 15135175436994121335

341 Ordine the Cudgeller (level 6, -2/39 HPs)
             Began as a Tengu Fighter on Mar 2, 2022.
             Slain by an orc warrior
             ... wielding a +0 short sword
              (5 damage)
             ... on level 7 of the Dungeon.
             The game lasted 00:06:52 (3486 turns).

Ordine the Cudgeller (Tengu Fighter)                Turns: 3486, Time: 00:06:52

Health: -2/39      AC:  6    Str: 19    XL:     6   Next: 56%
Magic:  7/7        EV: 10    Int:  8    God:
Gold:   136        SH:  4    Dex: 13    Spells: 5/5 levels left

rFire   . . .      SeeInvis .   a - +0 flail
rCold   . . .      Faith    .   c - +0 buckler
rNeg    . . .      Spirit   .   b - +0 scale mail
rPois   +          Reflect  .   (helmet restricted)
rElec   .          Harm     .   (no cloak)
rCorr   .          Rampage  .   (no gloves)
Will    .....                   (boots unavailable)
Stlth   ..........              (no amulet)
HPRegen 0.13/turn               l - ring of poison resistance
MPRegen 0.10/turn               (no ring)

@: mighty, flying quickly and evasively, quick
A: beak, talons 3, nimble flight
a: no special abilities


You were on level 7 of the Dungeon.
You visited 1 branch of the dungeon, and saw 5 of its levels.

You collected 136 gold pieces.

Inventory:

Hand Weapons
 a - a +0 flail (weapon)
Missiles
 f - 14 poisoned darts (quivered)
Armour
 b - a +0 scale mail (worn)
 c - a +0 buckler (worn)
Jewellery
 i - an amulet of faith
 l - a ring of poison resistance (left hand)
 o - a ring of fire
 r - a ring of see invisible
Wands
 s - a wand of polymorph (10)
Scrolls
 e - a scroll of teleportation {unknown}
 g - a scroll of blinking {unknown}
 h - 2 scrolls of identify {unknown}
 j - 2 scrolls of fear {unknown}
 k - a scroll of silence {unknown}
 m - a scroll of enchant armour {unknown}
 n - a scroll of magic mapping {unknown}
 q - a scroll of brand weapon {unknown}
Potions
 d - a potion of might
 p - a potion of lignification {unknown}


   Skills:
 + Level 4.4 Fighting
 * Level 5.4 Maces & Flails
 + Level 2.9 Throwing
 - Level 3.2 Armour
 - Level 3.0 Shields


You had 5 spell levels left.
You didn't know any spells.
Your spell library contained the following spells:

 Spells                   Type           Power      Damage    Failure   Level
 Scorch                   Fire           0%         2d5       95%         2
 Call Canine Familiar     Summ           0%         N/A       99%         3
 Portal Projectile        Hex/Tloc       0%         N/A       99%         3
 Flame Wave               Conj/Fire      0%         2d4       100%        4
 Leda's Liquefaction      Hex/Erth       0%         N/A       100%        4
 Summon Cactus Giant      Summ           0%         N/A       100%        6


Dungeon Overview and Level Annotations

Branches:
Dungeon (4/15)
 Temple: D:4-7

Altars:


Innate Abilities, Weirdness & Mutations

You have a beak for a mouth.
You have claws for feet.
Your magical nature lets you fly swiftly and evasively.


Message History

You hit the centaur. Your peck misses the centaur.
The centaur is severely wounded.
The centaur hits you but does no damage.
The centaur kicks you. The centaur hits you with a +0 club.
The centaur kicks you but does no damage.
You hit the centaur. Your peck misses the centaur.
The centaur is almost dead.
The centaur completely misses you. The centaur barely misses you.
The centaur completely misses you. The centaur barely misses you.
You thump the centaur!
You kill the centaur!
An orc comes into view. It is wielding a +0 mace.
The orc shouts!
An orc warrior comes into view. It is wielding a +0 short sword.
Items here: )))) [ †††.
The orc warrior shouts!
An orc comes into view. It is wielding a +0 club.
There is an open door here.
Okay, then.
Press: ? - help, v - describe, . - travel
Here: an orc warrior, wielding a +0 short sword and wearing a +0 plate armour The floor.
You closely miss the orc. Your kick misses the orc.
The orc hits you with a +0 mace.
You hit the orc. Your kick misses the orc. You peck the orc.
You kill the orc!
You closely miss the orc warrior.
You claw the orc warrior, but do no damage.
You peck the orc warrior, but do no damage.
The orc warrior hits you with a +0 short sword!
* * * LOW HITPOINT WARNING * * *
An orc comes into view. It is wielding a +0 flail.
You feel very mighty all of a sudden. The orc warrior closely misses you.
You hit the orc warrior. You claw the orc warrior.
The orc warrior is moderately wounded.
The orc warrior hits you with a +0 short sword!
* * * LOW HITPOINT WARNING * * *
The orc warrior hits you with a +0 short sword.
You die...

#...# #...# #.#.#
#...#######.#.#
..........#.#.#
..........#.#.#
..........#.#[#
..#+#######.#.#
#.#.####......#####
..#..))....o..oo@.#
#.######)......##.#
...'..........#
####.....#.####
.......#....
###.....#.###
#.....#.# #.......#
#.......#


You could see an orc warrior and 2 orcs.

Vanquished Creatures
  A centaur (D:7)
  A wight (D:7)
  A gnoll shaman (D:7)
  5 gnolls
  7 adders
  A dart slug (D:3)
  7 orcs
  8 ball pythons
  4 endoplasms (D:1)
  A giant cockroach (D:3)
  3 hobgoblins
  4 quokkas
  6 bats
  6 frilled lizards
  7 goblins
  4 kobolds
  6 rats
72 creatures vanquished.

Vanquished Creatures (others)
  4 bushes (D:7)
4 creatures vanquished.

Grand Total: 76 creatures vanquished

Notes
Turn   | Place    | Note
-------+----------+-------------------------------------------
     0 | D:1      | Ordine the Tengu Fighter began the quest for the Orb.
     0 | D:1      | Reached XP level 1. HP: 14/14 MP: 2/2
   157 | D:1      | Reached XP level 2. HP: 19/19 MP: 3/3
   393 | D:1      | Reached skill level 3 in Maces & Flails
   393 | D:1      | Reached skill level 1 in Throwing
   496 | D:1      | Reached XP level 3. HP: 20/23 MP: 4/4
  1098 | D:2      | Found a faded altar of an unknown god.
  1699 | D:2      | Reached XP level 4. HP: 28/28 MP: 5/5
  2416 | D:3      | Reached skill level 4 in Maces & Flails
  2540 | D:3      | Gained mutation: Your magical nature lets you fly swiftly
                  | and evasively. [Tengu growth]
  2540 | D:3      | Reached XP level 5. HP: 16/33 MP: 6/6
  3261 | D:4      | You are sucked into a shaft and drop 3 floors!
  3293 | D:7      | Noticed a wyvern
  3362 | D:7      | Reached skill level 5 in Maces & Flails
  3362 | D:7      | Reached XP level 6. HP: 26/38 MP: 7/7
  3469 | D:7      | Noticed an orc warrior
  3486 | D:7      | Slain by an orc warrior

Illustrated notes

Levels and vault maps discovered:
D:1:      evilmike_arrival_rings, layout_loops_corners
D:2:      layout_basic, dreamdust_ecumenical_altar_statues
D:3:      layout_basic, mrwooster_statue_mirror
D:4:      layout_rooms
D:7:      layout_basic, mainiacjoe_overflow_boulevard,
          nicolae_underground_beach, uniq_crazy_yiuf_cottage

Skill      XL: |  1  2  3  4  5 |
---------------+----------------+-----
Maces & Flails | 3 4 5 |  5.4
Throwing       | 1 2 |  2.9
Fighting       | 4 |  4.4
Armour         | |  3.2
Shields        | |  3.0

Action                   |  1- 3 |  4- 6 || total
-------------------------+-------+-------++-------
Melee: Flail             |    59 |    74 ||   133
       Kick              |     9 |    17 ||    26
       Peck              |     4 |    15 ||    19
  Use: Potion            |       |     1 ||     1
Armor: Scale mail        |    21 |    24 ||    45
Dodge: Dodged            |    21 |    38 ||    59
Block: Buckler           |    10 |    10 ||    20

Table legend: (Time is in decaauts)
 A = Elapsed time spent in this place.
 B = Non-inter-level travel time spent in this place.
 C = Inter-level travel time spent in this place.
 D = Time resting spent in this place.
 E = Time spent auto-exploring this place.
 F = Levels seen in this place.
 G = Mean time per level.
                   A        B        C        D        E       F      G
               +--------+--------+--------+--------+--------+-----+--------+
         Total |   3469 |   3347 |    122 |      0 |   2923 |   5 |  693.8 |
       Dungeon |   3469 |   3347 |    122 |      0 |   2923 |   5 |  693.8 |
               +--------+--------+--------+--------+--------+-----+--------+

Top non-repeatable levels by time:
     D:2: 1170 daAuts
     D:1: 1076 daAuts
     D:3: 997 daAuts
     D:7: 224 daAuts
